Orlando Solar Bears vs Rock Island Raccoons
Created - Monday, May 29, 2023 at 07:01
Goals
|
| Orlando Solar Bears |
0 |
1 |
1 |
2 |
| Rock Island Raccoons |
2 |
1 |
1 |
4 |
|
Shots
|
| Orlando Solar Bears |
8 |
8 |
12 |
28 |
| Rock Island Raccoons |
15 |
8 |
10 |
33 |
|
1st period
1. Rock Island Raccoons , Brian Boyle 14 (Greg McKegg 5, Sam Carrick 5) at 5:14
2. Rock Island Raccoons , Greg McKegg 2 (Nate Thompson 6, Brian Boyle 16) at 17:42
Penalties :
Sam Carrick (RIR) for Hooking (Minor) at 19:39
2nd period
3. Orlando Solar Bears , Philip Tomasino 16 (Morgan Frost 32) at 3:44
4. Rock Island Raccoons , Drake Caggiula 16 (Andrew Ladd 14, Filip Chytil 27) at 10:49 (PP)
Penalties :
Ben Harpur (RIR) for Fighting (Major) at 4:32, Martin Pospisil (OSB) for Fighting (Major) at 4:32, Cole Caufield (RIR) for Hooking (Minor) at 7:36, Isaak Phillips (OSB) for High sticking (Minor) at 10:35
3rd period
5. Rock Island Raccoons , Greg McKegg 3 (Brian Boyle 17, Nate Thompson 7) at 6:38
6. Orlando Solar Bears , Artemi Kniazev 3 (Adam Beckman 18, Morgan Frost 33) at 14:08
Penalties :
Brendan Smith (RIR) for Hooking (Minor) at 15:45, Sam Carrick (RIR) for Holding (Minor) at 18:39
Goalie Stats
Felix Sandstrom (OSB), 29 saves from 33 shots - (0.879), L, 10-11-3, 60:00 minutes
Braden Holtby (RIR), 26 saves from 28 shots - (0.929), W, 36-11-1, 60:00 minutes
Players Stats for Orlando Solar Bears
Player Name G A P +/- PIM S H SB GA TA FO MP PP MP PK MP
------------------------------------------------------------------------------------
Adam Beckman 0 1 1 1 0 0 1 0 0 0 1/2 17:54 2:56 0:00
Alex Turcotte 0 0 0 -1 0 1 0 1 0 0 0/4 11:25 0:00 0:00
Artemi Kniazev 1 0 1 0 0 3 4 3 1 1 0/0 19:55 2:12 0:00
Donovan Sebrango 0 0 0 0 0 1 0 0 0 1 0/0 16:17 0:35 0:00
Emilio Pettersen 0 0 0 -1 0 2 1 1 0 0 0/0 10:56 0:00 0:00
Isaak Phillips 0 0 0 0 2 0 2 3 0 1 0/0 19:54 2:12 0:00
Jamieson Rees 0 0 0 -1 0 1 2 0 0 0 0/1 11:35 0:02 0:00
Jarred Tinordi 0 0 0 -1 0 0 3 0 0 1 0/0 22:37 4:30 0:14
Jason Dickinson 0 0 0 -1 0 4 1 0 0 0 16/32 19:47 4:19 0:14
John Leonard 0 0 0 -1 0 1 4 1 1 0 0/0 19:57 4:19 0:00
Jordan Martinook 0 0 0 -1 0 1 1 0 2 0 0/1 18:24 4:19 0:00
Linus Weissbach 0 0 0 0 0 1 1 0 0 1 0/0 12:28 0:02 0:00
Martin Pospisil 0 0 0 0 5 1 2 0 0 0 0/0 11:49 0:02 0:00
Max Gildon 0 0 0 0 0 1 1 0 0 0 0/0 16:17 0:35 0:00
Morgan Frost 0 2 2 1 0 4 5 2 1 0 3/6 17:47 2:56 0:14
Philip Tomasino 1 0 1 0 0 2 1 0 1 0 3/6 12:09 0:00 0:00
Valtteri Puustinen 0 0 0 1 0 2 1 0 2 0 0/1 17:54 2:56 0:00
Victor Soderstrom 0 0 0 -1 0 3 1 1 0 0 0/0 22:39 4:30 0:14
Players Stats for Rock Island Raccoons
Player Name G A P +/- PIM S H SB GA TA FO MP PP MP PK MP
------------------------------------------------------------------------------------
Alex Barre-Boulet 0 0 0 0 0 0 0 0 0 0 2/3 4:23 0:00 0:00
Andrew Ladd 0 1 1 -1 0 6 4 0 0 0 3/5 20:18 0:14 3:36
Andy Greene 0 0 0 2 0 2 1 5 0 2 0/0 25:14 0:14 3:58
Ben Harpur 0 0 0 -1 5 0 1 1 0 0 0/0 16:39 0:00 0:44
Brendan Smith 0 0 0 -1 2 0 1 1 0 1 1/2 18:51 0:00 2:42
Brian Boyle 1 2 3 3 0 3 0 0 0 0 4/7 15:33 0:00 1:09
Cole Caufield 0 0 0 -1 2 6 2 0 1 1 2/3 22:21 0:00 2:29
Damien Giroux 0 0 0 0 0 0 0 0 0 0 1/1 1:11 0:00 0:00
Drake Caggiula 1 0 1 -1 0 5 1 2 0 2 1/1 15:51 0:14 0:01
Dryden Hunt 0 0 0 0 0 0 2 0 0 0 0/0 6:39 0:00 0:00
Filip Chytil 0 1 1 -1 0 4 0 0 0 0 9/12 20:24 0:14 3:42
Greg McKegg 2 1 3 3 0 3 1 0 1 0 0/0 14:04 0:00 0:00
Gustav Lindstrom 0 0 0 0 0 1 0 1 0 0 0/0 14:16 0:00 0:00
Logan Stanley 0 0 0 -1 0 0 1 4 0 0 0/0 21:09 0:00 3:44
Mathieu Perreault 0 0 0 -1 0 1 2 1 2 1 6/16 18:06 0:00 3:31
Nate Thompson 0 2 2 3 0 0 1 1 1 0 0/1 14:04 0:00 0:00
Ryan Lindgren 0 0 0 2 0 2 1 2 0 1 0/0 24:35 0:14 3:33
Sam Carrick 0 1 1 0 4 0 1 2 0 0 1/2 19:01 0:00 0:00
3 Stars
1 - Greg McKegg (RIR)
2 - Brian Boyle (RIR)
3 - Nate Thompson (RIR)
Power Play
Orlando Solar Bears - 0 on 4 Attempt(s) - 0.00%
Rock Island Raccoons - 1 on 1 Attempt(s) - 100.00%
Penalty Kill
Orlando Solar Bears - 0 on 1 Attempt(s) - 0.00%
- Score 0 goal in Penalty Kill
Rock Island Raccoons - 4 on 4 Attempt(s) - 100.00%
- Score 0 goal in Penalty Kill
Team Stat
Orlando Solar Bears - Hits : 31 - Faceoff Wins : 23 - Blocked Shots : 12 - Penalty Minutes : 7
Rock Island Raccoons - Hits : 19 - Faceoff Wins : 30 - Blocked Shots : 20 - Penalty Minutes : 13
Official
Referees : Jean Hebert and Dean Morton
Linesman : Tony Sericolo and Lonnie Cameron
Game Notes
Ben Harpur beats up Martin Pospisil at 4:32 of 2nd period
18:55 of 3rd period - Orlando Solar Bears goal is going for a video replay. After video review, No Goal. The net was displaced accidentally.
Orlando Solar Bears
5 vs 5 Forward
Center Left Wing Right Wing Time % Phy DF OF
1 Jason Dickinson Jordan Martinook John Leonard 32 1 2 2
2 Morgan Frost Adam Beckman Valtteri Puustinen 27 1 2 2
3 Philip Tomasino Linus Weissbach Martin Pospisil 23 1 2 2
4 Alex Turcotte Emilio Pettersen Jamieson Rees 18 1 2 2
5 vs 5 Defense
Defense Defense Time % Phy DF OF
1 Victor Soderstrom Jarred Tinordi 35 1 2 2
2 Isaak Phillips Artemi Kniazev 33 1 2 2
3 Max Gildon Donovan Sebrango 32 1 2 2
4 Victor Soderstrom Jarred Tinordi 0 1 2 2
PowerPlay Forward
Center Left Wing Right Wing Time % Phy DF OF
1 Jason Dickinson Jordan Martinook John Leonard 60 1 2 2
2 Morgan Frost Adam Beckman Valtteri Puustinen 40 1 2 2
PowerPlay Defense
Defense Defense Time % Phy DF OF
1 Victor Soderstrom Jarred Tinordi 60 1 2 2
2 Isaak Phillips Artemi Kniazev 40 1 2 2
Penalty Kill 4 Players Forward
Center Wing Time % Phy DF OF
1 Jason Dickinson Morgan Frost 60 1 2 2
2 Philip Tomasino Jordan Martinook 40 1 2 2
Penalty Kill 4 Players Defense
Defense Defense Time % Phy DF OF
1 Victor Soderstrom Jarred Tinordi 60 1 2 2
2 Isaak Phillips Artemi Kniazev 40 1 2 2
Penalty Kill - 3 Players Forward
Forward Time % Phy DF OF
1 Jason Dickinson 60 1 2 2
2 Morgan Frost 40 1 2 2
Penalty Kill - 3 Players Defense
Defense Defense Time % Phy DF OF
1 Victor Soderstrom Jarred Tinordi 60 1 2 2
2 Isaak Phillips Artemi Kniazev 40 1 2 2
4 vs 4 Forward
Center Wing Time % Phy DF OF
1 Jason Dickinson Morgan Frost 60 1 2 2
2 Philip Tomasino Jordan Martinook 40 1 2 2
4 vs 4 Defense
Defense Defense Time % Phy DF OF
1 Victor Soderstrom Jarred Tinordi 60 1 2 2
2 Isaak Phillips Artemi Kniazev 40 1 2 2
Last Minutes Offensive
Center Left Wing Right Wing Defense Defense
Jason Dickinson Jordan Martinook John Leonard Victor Soderstrom Jarred Tinordi
Last Minutes Defensive
Center Left Wing Right Wing Defense Defense
Jason Dickinson Jordan Martinook John Leonard Victor Soderstrom Jarred Tinordi
Goaltenders
Starting : Felix Sandstrom
Backup : Filip Gustavsson
Extra Forwards
Normal : Jamieson Rees, Linus Weissbach, Alex Turcotte - PP : Jamieson Rees, Linus Weissbach - PK : Alex Turcotte
Extra Defensemen
Normal : Max Gildon, Donovan Sebrango, Isaak Phillips - PP : Max Gildon - PK : Donovan Sebrango, Isaak Phillips
Penalty Shots
Jason Dickinson, Morgan Frost, Philip Tomasino, Jordan Martinook, John Leonard
Rock Island Raccoons
5 vs 5 Forward
Center Left Wing Right Wing Time % Phy DF OF
1 Mathieu Perreault Brendan Smith Cole Caufield 30 1 2 2
2 Filip Chytil Andrew Ladd Drake Caggiula 30 1 2 2
3 Brian Boyle Nate Thompson Greg McKegg 25 1 2 2
4 Sam Carrick Dryden Hunt Cole Caufield 15 1 2 2
5 vs 5 Defense
Defense Defense Time % Phy DF OF
1 Andy Greene Ryan Lindgren 30 1 2 2
2 Logan Stanley Ben Harpur 30 1 2 2
3 Gustav Lindstrom Sam Carrick 25 1 2 2
4 Andy Greene Ryan Lindgren 15 1 2 2
PowerPlay Forward
Center Left Wing Right Wing Time % Phy DF OF
1 Mathieu Perreault Brendan Smith Cole Caufield 50 1 2 2
2 Filip Chytil Andrew Ladd Drake Caggiula 50 1 2 2
PowerPlay Defense
Defense Defense Time % Phy DF OF
1 Andy Greene Ryan Lindgren 50 1 2 2
2 Logan Stanley Ben Harpur 50 1 2 2
Penalty Kill 4 Players Forward
Center Wing Time % Phy DF OF
1 Cole Caufield Mathieu Perreault 50 1 2 2
2 Andrew Ladd Filip Chytil 50 1 2 2
Penalty Kill 4 Players Defense
Defense Defense Time % Phy DF OF
1 Andy Greene Ryan Lindgren 50 1 2 2
2 Logan Stanley Brendan Smith 50 1 2 2
Penalty Kill - 3 Players Forward
Forward Time % Phy DF OF
1 Cole Caufield 50 1 2 2
2 Mathieu Perreault 50 1 2 2
Penalty Kill - 3 Players Defense
Defense Defense Time % Phy DF OF
1 Andy Greene Ryan Lindgren 50 1 2 2
2 Logan Stanley Brendan Smith 50 1 2 2
4 vs 4 Forward
Center Wing Time % Phy DF OF
1 Cole Caufield Mathieu Perreault 50 1 2 2
2 Andrew Ladd Filip Chytil 50 1 2 2
4 vs 4 Defense
Defense Defense Time % Phy DF OF
1 Andy Greene Ryan Lindgren 50 1 2 2
2 Logan Stanley Brendan Smith 50 1 2 2
Last Minutes Offensive
Center Left Wing Right Wing Defense Defense
Mathieu Perreault Brendan Smith Cole Caufield Andy Greene Ryan Lindgren
Last Minutes Defensive
Center Left Wing Right Wing Defense Defense
Mathieu Perreault Brendan Smith Cole Caufield Andy Greene Ryan Lindgren
Goaltenders
Starting : Braden Holtby
Backup : Mikko Koskinen
Extra Forwards
Normal : Alex Barre-Boulet, Damien Giroux, Brian Boyle - PP : Alex Barre-Boulet, Damien Giroux - PK : Brian Boyle
Extra Defensemen
Normal : Gustav Lindstrom, Ben Harpur, Logan Stanley - PP : Gustav Lindstrom - PK : Ben Harpur, Logan Stanley
Penalty Shots
Cole Caufield, Mathieu Perreault, Brendan Smith, Andrew Ladd, Filip Chytil
% Time on Ice - Orlando Solar Bears
Lines # - Real PCT - Wanted PCT - Time Play
Normal Forward
1 - 27% - 32% - 14:22
2 - 29% - 27% - 15:02
3 - 23% - 23% - 12:09
4 - 21% - 18% - 10:56
Normal Defense
1 - 35% - 35% - 18:12
2 - 34% - 33% - 17:43
3 - 32% - 32% - 16:34
4 - 0% - 0% - 0:00
PP Forward
1 - 60% - 60% - 4:21
2 - 40% - 40% - 2:56
PP Defense
1 - 70% - 60% - 5:05
2 - 30% - 40% - 2:12
PK Forward
1 - 100% - 60% - 0:14
2 - 0% - 40% - 0:00
PK Defense
1 - 100% - 60% - 0:14
2 - 0% - 40% - 0:00
PK3 Forward
1 - 0% - 60%
2 - 0% - 40%
PK3 Defense
1 - 0% - 60%
2 - 0% - 40%
44 Forward
1 - 0% - 60%
2 - 0% - 40%
44 Defense
1 - 0% - 60%
2 - 0% - 40%
Last Minute Offensive - 0:00
Last Minute Defensive - 0:00
Total
Forward - 60:00
Defense - 60:00
|
% Time on Ice - Rock Island Raccoons
Lines # - Real PCT - Wanted PCT - Time Play
Normal Forward
1 - 28% - 30% - 14:55
2 - 32% - 30% - 16:51
3 - 27% - 25% - 14:04
4 - 13% - 15% - 6:39
Normal Defense
1 - 28% - 30% - 14:32
2 - 33% - 30% - 17:25
3 - 27% - 25% - 14:16
4 - 12% - 15% - 6:16
PP Forward
1 - 0% - 50% - 0:00
2 - 100% - 50% - 0:14
PP Defense
1 - 100% - 50% - 0:14
2 - 0% - 50% - 0:00
PK Forward
1 - 53% - 50% - 3:53
2 - 47% - 50% - 3:24
PK Defense
1 - 49% - 50% - 3:33
2 - 51% - 50% - 3:44
PK3 Forward
1 - 0% - 50%
2 - 0% - 50%
PK3 Defense
1 - 0% - 50%
2 - 0% - 50%
44 Forward
1 - 0% - 50%
2 - 0% - 50%
44 Defense
1 - 0% - 50%
2 - 0% - 50%
Last Minute Offensive - 0:00
Last Minute Defensive - 0:00
Total
Forward - 60:00
Defense - 60:00
|
Play-by-Play
1st period
0:01 of 1st period - Jason Dickinson wins face-off versus Mathieu Perreault in neutral zone.
0:16 of 1st period - Snap shot by Cole Caufield.
0:16 of 1st period - Stopped by Felix Sandstrom without a rebound.
0:17 of 1st period - Filip Chytil wins face-off versus Morgan Frost in Orlando Solar Bears zone.
0:30 of 1st period - Wrist shot by Andrew Ladd.
0:30 of 1st period - Stopped by Felix Sandstrom with a rebound.
0:53 of 1st period - Sam Carrick is hit by Artemi Kniazev and loses puck.
1:29 of 1st period - Wrist shot by Andrew Ladd.
1:29 of 1st period - Stopped by Felix Sandstrom without a rebound.
1:30 of 1st period - Jason Dickinson wins face-off versus Andrew Ladd in Orlando Solar Bears zone.
1:37 of 1st period - Snap shot by Andrew Ladd.
1:37 of 1st period - Shot Misses the Net.
1:39 of 1st period - Slapshot by Ryan Lindgren.
1:39 of 1st period - Stopped by Felix Sandstrom with a rebound.
1:41 of 1st period - Snap shot by Andrew Ladd.
1:41 of 1st period - Stopped by Felix Sandstrom with a rebound.
1:43 of 1st period - Snap shot by Drake Caggiula.
1:43 of 1st period - Stopped by Felix Sandstrom with a rebound.
1:55 of 1st period - Greg McKegg is hit by Morgan Frost and loses puck.
3:04 of 1st period - Snap shot by Jordan Martinook.
3:04 of 1st period - Shot Blocked by Ben Harpur.
3:06 of 1st period - Wrist shot by Jason Dickinson.
3:06 of 1st period - Shot Misses the Net.
4:32 of 1st period - Icing by John Leonard.
4:33 of 1st period - Alex Barre-Boulet wins face-off versus Alex Turcotte in Orlando Solar Bears zone.
4:34 of 1st period - Snap shot by Cole Caufield.
4:34 of 1st period - Shot Blocked by Isaak Phillips.
5:01 of 1st period - Jamieson Rees is hit by Sam Carrick and loses puck.
5:06 of 1st period - Wrist shot by Brian Boyle.
5:06 of 1st period - Shot Blocked by Isaak Phillips.
5:08 of 1st period - Snap shot by Gustav Lindstrom.
5:08 of 1st period - Shot Blocked by Artemi Kniazev.
5:10 of 1st period - Slapshot by Sam Carrick.
5:10 of 1st period - Shot Misses the Net.
5:12 of 1st period - Snap shot by Greg McKegg.
5:12 of 1st period - Shot Blocked by Emilio Pettersen.
5:14 of 1st period - Snap shot by Brian Boyle.
5:14 of 1st period - Goal by Brian Boyle - Orlando Solar Bears : 0 - Rock Island Raccoons : 1.
5:15 of 1st period - Jason Dickinson wins face-off versus Filip Chytil in neutral zone.
5:30 of 1st period - Ryan Lindgren is hit by Max Gildon and loses puck.
6:07 of 1st period - Sam Carrick is hit by Philip Tomasino and loses puck.
6:33 of 1st period - Gustav Lindstrom is hit by Isaak Phillips and loses puck.
6:38 of 1st period - Backhand shot by Alex Turcotte.
6:38 of 1st period - Deflect By Cole Caufield.
6:38 of 1st period - Shot Blocked by Gustav Lindstrom.
6:38 of 1st period - Puck is out of play.
6:39 of 1st period - Filip Chytil wins face-off versus Jason Dickinson in Rock Island Raccoons zone.
7:29 of 1st period - Snap shot by Linus Weissbach.
7:29 of 1st period - Shot Blocked by Nate Thompson.
7:49 of 1st period - Slapshot by Jason Dickinson.
7:49 of 1st period - Stopped by Braden Holtby with a rebound.
7:51 of 1st period - Snap shot by Jordan Martinook.
7:51 of 1st period - Stopped by Braden Holtby without a rebound.
7:52 of 1st period - Adam Beckman wins face-off versus Mathieu Perreault in Rock Island Raccoons zone.
7:53 of 1st period - Snap shot by Morgan Frost.
7:53 of 1st period - Shot Misses the Net.
8:58 of 1st period - Andy Greene is hit by Adam Beckman and loses puck.
10:04 of 1st period - Snap shot by Emilio Pettersen.
10:04 of 1st period - Stopped by Braden Holtby without a rebound.
10:05 of 1st period - Brian Boyle wins face-off versus Alex Turcotte in Rock Island Raccoons zone.
10:51 of 1st period - Cole Caufield is hit by Victor Soderstrom and loses puck.
10:56 of 1st period - Snap shot by Morgan Frost.
10:56 of 1st period - Shot Misses the Net.
10:58 of 1st period - Slapshot by Artemi Kniazev.
10:58 of 1st period - Stopped by Braden Holtby without a rebound.
10:59 of 1st period - Filip Chytil wins face-off versus Jason Dickinson in Rock Island Raccoons zone.
11:26 of 1st period - Adam Beckman is hit by Logan Stanley and loses puck.
11:51 of 1st period - Brian Boyle is hit by Jamieson Rees and loses puck.
12:58 of 1st period - Snap shot by Greg McKegg.
12:58 of 1st period - Shot Misses the Net.
13:30 of 1st period - Wrist shot by Alex Turcotte.
13:30 of 1st period - Shot Misses the Net.
13:32 of 1st period - Snap shot by Alex Turcotte.
13:32 of 1st period - Shot Blocked by Logan Stanley.
13:34 of 1st period - Wrist shot by Victor Soderstrom.
13:34 of 1st period - Shot Blocked by Logan Stanley.
13:36 of 1st period - Wrist shot by Emilio Pettersen.
13:36 of 1st period - Shot Hit the Post.
13:38 of 1st period - Snap shot by Jamieson Rees.
13:38 of 1st period - Shot Misses the Net.
13:40 of 1st period - Wrist shot by Alex Turcotte.
13:40 of 1st period - Shot Misses the Net.
13:42 of 1st period - Slapshot by Victor Soderstrom.
13:42 of 1st period - Shot Misses the Net.
13:56 of 1st period - Snap shot by Andrew Ladd.
13:56 of 1st period - Stopped by Felix Sandstrom without a rebound.
13:57 of 1st period - Drake Caggiula wins face-off versus Morgan Frost in Orlando Solar Bears zone.
13:58 of 1st period - Snap shot by Andrew Ladd.
13:58 of 1st period - Shot Misses the Net.
14:06 of 1st period - Snap shot by Valtteri Puustinen.
14:06 of 1st period - Shot Blocked by Andy Greene.
14:10 of 1st period - Snap shot by Morgan Frost.
14:10 of 1st period - Stopped by Braden Holtby without a rebound.
14:11 of 1st period - Jason Dickinson wins face-off versus Nate Thompson in Rock Island Raccoons zone.
14:47 of 1st period - Icing by Nate Thompson.
14:48 of 1st period - Morgan Frost wins face-off versus Brian Boyle in Rock Island Raccoons zone.
15:07 of 1st period - Wrist shot by Greg McKegg.
15:07 of 1st period - Stopped by Felix Sandstrom with a rebound.
15:09 of 1st period - Snap shot by Brian Boyle.
15:09 of 1st period - Shot Misses the Net.
15:51 of 1st period - Snap shot by Greg McKegg.
15:51 of 1st period - Shot Blocked by Morgan Frost.
15:53 of 1st period - Slapshot by Nate Thompson.
15:53 of 1st period - Deflect By Brian Boyle.
15:53 of 1st period - Shot Blocked by Artemi Kniazev.
15:53 of 1st period - Puck is out of play.
15:54 of 1st period - Jason Dickinson wins face-off versus Cole Caufield in Orlando Solar Bears zone.
16:06 of 1st period - Slapshot by Jason Dickinson.
16:06 of 1st period - Stopped by Braden Holtby without a rebound.
16:07 of 1st period - Jason Dickinson wins face-off versus Mathieu Perreault in Rock Island Raccoons zone.
16:23 of 1st period - Slapshot by Jason Dickinson.
16:23 of 1st period - Stopped by Braden Holtby without a rebound.
16:24 of 1st period - Philip Tomasino wins face-off versus Filip Chytil in Rock Island Raccoons zone.
16:25 of 1st period - Snap shot by Linus Weissbach.
16:25 of 1st period - Stopped by Braden Holtby without a rebound.
16:26 of 1st period - Filip Chytil wins face-off versus Philip Tomasino in Rock Island Raccoons zone.
16:51 of 1st period - Jordan Martinook is hit by Brendan Smith and loses puck.
17:11 of 1st period - Off-side.
17:12 of 1st period - Morgan Frost wins face-off versus Alex Barre-Boulet in neutral zone.
17:15 of 1st period - Cole Caufield is hit by Jarred Tinordi and loses puck.
17:22 of 1st period - Wrist shot by Alex Barre-Boulet.
17:22 of 1st period - Shot Blocked by Morgan Frost.
17:24 of 1st period - Slapshot by Cole Caufield.
17:24 of 1st period - Stopped by Felix Sandstrom with a rebound.
17:34 of 1st period - Backhand shot by Greg McKegg.
17:34 of 1st period - Shot Misses the Net.
17:36 of 1st period - Wrist shot by Greg McKegg.
17:36 of 1st period - Shot Blocked by Victor Soderstrom.
17:42 of 1st period - Slapshot by Greg McKegg.
17:42 of 1st period - Goal by Greg McKegg - Orlando Solar Bears : 0 - Rock Island Raccoons : 2.
17:43 of 1st period - Jason Dickinson wins face-off versus Mathieu Perreault in neutral zone.
17:52 of 1st period - Slapshot by Mathieu Perreault.
17:52 of 1st period - Stopped by Felix Sandstrom with a rebound.
17:54 of 1st period - Slapshot by Ryan Lindgren.
17:54 of 1st period - Deflect By Cole Caufield.
17:54 of 1st period - Shot Misses the Net.
17:54 of 1st period - Puck is out of play.
17:55 of 1st period - Philip Tomasino wins face-off versus Mathieu Perreault in Orlando Solar Bears zone.
17:55 of 1st period - Philip Tomasino is hit by Mathieu Perreault.
18:03 of 1st period - Slapshot by Cole Caufield.
18:03 of 1st period - Stopped by Felix Sandstrom with a rebound.
18:05 of 1st period - Slapshot by Andy Greene.
18:05 of 1st period - Deflect By Linus Weissbach.
18:05 of 1st period - Stopped by Felix Sandstrom with a rebound.
18:11 of 1st period - Snap shot by Mathieu Perreault.
18:11 of 1st period - Shot Misses the Net.
18:21 of 1st period - Artemi Kniazev is hit by Drake Caggiula and loses puck.
19:09 of 1st period - Donovan Sebrango is hit by Ben Harpur and loses puck.
19:16 of 1st period - Slapshot by Brian Boyle.
19:16 of 1st period - Shot Blocked by Alex Turcotte.
19:18 of 1st period - Backhand shot by Brian Boyle.
19:18 of 1st period - Stopped by Felix Sandstrom without a rebound.
19:19 of 1st period - Filip Chytil wins face-off versus Philip Tomasino in Orlando Solar Bears zone.
19:29 of 1st period - Icing by Artemi Kniazev.
19:30 of 1st period - Philip Tomasino wins face-off versus Mathieu Perreault in Orlando Solar Bears zone.
19:30 of 1st period - Philip Tomasino is hit by Mathieu Perreault.
19:39 of 1st period - Minor Penalty to Sam Carrick for Hooking.
19:40 of 1st period - Cole Caufield wins face-off versus Jason Dickinson in Rock Island Raccoons zone.
Goals for this period are 0 for Orlando Solar Bears vs 2 for Rock Island Raccoons.
Shots for this period are 8 for Orlando Solar Bears vs 15 for Rock Island Raccoons.
2nd period
0:01 of 2nd period - Cole Caufield wins face-off versus Jason Dickinson in neutral zone.
0:14 of 2nd period - Logan Stanley is hit by Jordan Martinook and loses puck.
0:31 of 2nd period - Wrist shot by Adam Beckman.
0:31 of 2nd period - Shot Blocked by Logan Stanley.
0:33 of 2nd period - Slapshot by Victor Soderstrom.
0:33 of 2nd period - Deflect By Andrew Ladd.
0:33 of 2nd period - Stopped by Braden Holtby without a rebound.
0:34 of 2nd period - Andrew Ladd wins face-off versus Jason Dickinson in Rock Island Raccoons zone.
1:39 of 2nd period - Penalty to Sam Carrick is over, Sam Carrick is back on ice.
1:55 of 2nd period - Sam Carrick is hit by Jarred Tinordi and loses puck.
3:11 of 2nd period - Snap shot by Alex Turcotte.
3:11 of 2nd period - Shot Misses the Net.
3:13 of 2nd period - Snap shot by Alex Turcotte.
3:13 of 2nd period - Stopped by Braden Holtby without a rebound.
3:14 of 2nd period - Mathieu Perreault wins face-off versus Jason Dickinson in Rock Island Raccoons zone.
3:33 of 2nd period - Gustav Lindstrom is hit by Jason Dickinson and loses puck.
3:44 of 2nd period - Snap shot by Philip Tomasino.
3:44 of 2nd period - Goal by Philip Tomasino - Orlando Solar Bears : 1 - Rock Island Raccoons : 2.
3:45 of 2nd period - Jason Dickinson wins face-off versus Brendan Smith in neutral zone.
4:32 of 2nd period - Ben Harpur beats up Martin Pospisil.
4:32 of 2nd period - Penalty to Ben Harpur for Fighting.
4:32 of 2nd period - Penalty to Martin Pospisil for Fighting.
4:33 of 2nd period - Jason Dickinson wins face-off versus Mathieu Perreault in Rock Island Raccoons zone.
4:56 of 2nd period - Icing by Gustav Lindstrom.
4:57 of 2nd period - Brian Boyle wins face-off versus Morgan Frost in Rock Island Raccoons zone.
4:57 of 2nd period - Brian Boyle is hit by Morgan Frost.
5:03 of 2nd period - Valtteri Puustinen is hit by Greg McKegg and loses puck.
5:12 of 2nd period - Gustav Lindstrom is hit by Isaak Phillips and loses puck.
5:33 of 2nd period - Jason Dickinson is hit by Cole Caufield and loses puck.
6:28 of 2nd period - Wrist shot by Emilio Pettersen.
6:28 of 2nd period - Shot Misses the Net.
6:30 of 2nd period - Backhand shot by Jamieson Rees.
6:30 of 2nd period - Stopped by Braden Holtby without a rebound.
6:31 of 2nd period - Filip Chytil wins face-off versus Alex Turcotte in Rock Island Raccoons zone.
6:31 of 2nd period - Filip Chytil is hit by Emilio Pettersen.
6:39 of 2nd period - Alex Turcotte is hit by Andrew Ladd and loses puck.
6:56 of 2nd period - Snap shot by Philip Tomasino.
6:56 of 2nd period - Shot Blocked by Andy Greene.
7:02 of 2nd period - Slapshot by Drake Caggiula.
7:02 of 2nd period - Shot Misses the Net.
7:04 of 2nd period - Snap shot by Drake Caggiula.
7:04 of 2nd period - Stopped by Felix Sandstrom with a rebound.
7:06 of 2nd period - Snap shot by Andrew Ladd.
7:06 of 2nd period - Stopped by Felix Sandstrom with a rebound.
7:12 of 2nd period - Wrist shot by Filip Chytil.
7:12 of 2nd period - Deflect By Drake Caggiula.
7:12 of 2nd period - Stopped by Felix Sandstrom with a rebound.
7:14 of 2nd period - Slapshot by Andy Greene.
7:14 of 2nd period - Stopped by Felix Sandstrom without a rebound.
7:15 of 2nd period - Morgan Frost wins face-off versus Mathieu Perreault in Orlando Solar Bears zone.
7:24 of 2nd period - Slapshot by Valtteri Puustinen.
7:24 of 2nd period - Stopped by Braden Holtby with a rebound.
7:26 of 2nd period - Snap shot by Max Gildon.
7:26 of 2nd period - Shot Misses the Net.
7:28 of 2nd period - Backhand shot by Donovan Sebrango.
7:28 of 2nd period - Stopped by Braden Holtby with a rebound.
7:36 of 2nd period - Minor Penalty to Cole Caufield for Hooking.
7:37 of 2nd period - Brian Boyle wins face-off versus Jason Dickinson in Rock Island Raccoons zone.
7:42 of 2nd period - Wrist shot by Brendan Smith.
7:42 of 2nd period - Deflect By Brian Boyle.
7:42 of 2nd period - Shot Blocked by John Leonard.
7:42 of 2nd period - Puck is out of play.
7:43 of 2nd period - Jason Dickinson wins face-off versus Brian Boyle in Orlando Solar Bears zone.
7:50 of 2nd period - Snap shot by Jason Dickinson.
7:50 of 2nd period - Shot Blocked by Brendan Smith.
7:52 of 2nd period - Snap shot by Victor Soderstrom.
7:52 of 2nd period - Stopped by Braden Holtby without a rebound.
7:53 of 2nd period - Brian Boyle wins face-off versus Jason Dickinson in Rock Island Raccoons zone.
9:26 of 2nd period - Icing by Morgan Frost.
9:27 of 2nd period - Filip Chytil wins face-off versus Jason Dickinson in Orlando Solar Bears zone.
9:32 of 2nd period - Penalty to Ben Harpur is over, Ben Harpur is back on ice.
9:36 of 2nd period - Penalty to Cole Caufield is over, Cole Caufield is back on ice.
9:42 of 2nd period - Snap shot by Cole Caufield.
9:42 of 2nd period - Shot Misses the Net.
9:48 of 2nd period - Snap shot by Martin Pospisil.
9:48 of 2nd period - Stopped by Braden Holtby with a rebound.
9:50 of 2nd period - Snap shot by Jarred Tinordi.
9:50 of 2nd period - Shot Blocked by Logan Stanley.
10:13 of 2nd period - Snap shot by Emilio Pettersen.
10:13 of 2nd period - Shot Misses the Net.
10:29 of 2nd period - Slapshot by Brian Boyle.
10:29 of 2nd period - Shot Blocked by Isaak Phillips.
10:35 of 2nd period - Minor Penalty to Isaak Phillips for High sticking.
10:36 of 2nd period - Filip Chytil wins face-off versus Jason Dickinson in Orlando Solar Bears zone.
10:49 of 2nd period - Wrist shot by Drake Caggiula.
10:49 of 2nd period - Goal by Drake Caggiula - Orlando Solar Bears : 1 - Rock Island Raccoons : 3.
10:50 of 2nd period - Jason Dickinson wins face-off versus Sam Carrick in neutral zone.
11:15 of 2nd period - John Leonard is hit by Nate Thompson and loses puck.
12:05 of 2nd period - Snap shot by Brendan Smith.
12:05 of 2nd period - Shot Misses the Net.
12:07 of 2nd period - Wrist shot by Cole Caufield.
12:07 of 2nd period - Stopped by Felix Sandstrom with a rebound.
14:01 of 2nd period - Cole Caufield is hit by Artemi Kniazev and loses puck.
14:14 of 2nd period - Nate Thompson is hit by John Leonard and loses puck.
14:29 of 2nd period - Gustav Lindstrom is hit by Jarred Tinordi and loses puck.
14:48 of 2nd period - Gustav Lindstrom is hit by Artemi Kniazev and loses puck.
15:11 of 2nd period - Gustav Lindstrom is hit by John Leonard.
17:09 of 2nd period - Jarred Tinordi is hit by Dryden Hunt and loses puck.
17:50 of 2nd period - Isaak Phillips is hit by Andrew Ladd.
18:00 of 2nd period - Brendan Smith is hit by John Leonard and loses puck.
18:45 of 2nd period - Andy Greene is hit by Martin Pospisil and loses puck.
19:13 of 2nd period - Icing by Sam Carrick.
19:14 of 2nd period - Damien Giroux wins face-off versus Adam Beckman in Rock Island Raccoons zone.
19:14 of 2nd period - Damien Giroux is hit by Artemi Kniazev.
19:40 of 2nd period - Snap shot by Drake Caggiula.
19:40 of 2nd period - Shot Blocked by Artemi Kniazev.
19:42 of 2nd period - Snap shot by Filip Chytil.
19:42 of 2nd period - Stopped by Felix Sandstrom with a rebound.
19:49 of 2nd period - Off-side.
19:50 of 2nd period - Mathieu Perreault wins face-off versus Jason Dickinson in neutral zone.
19:53 of 2nd period - Snap shot by Mathieu Perreault.
19:53 of 2nd period - Deflect By Cole Caufield.
19:53 of 2nd period - Stopped by Felix Sandstrom with a rebound.
19:59 of 2nd period - Wrist shot by Jason Dickinson.
19:59 of 2nd period - Shot Blocked by Ryan Lindgren.
Goals for this period are 1 for Orlando Solar Bears vs 1 for Rock Island Raccoons.
Shots for this period are 8 for Orlando Solar Bears vs 8 for Rock Island Raccoons.
3rd period
0:01 of 3rd period - Brendan Smith wins face-off versus Jordan Martinook in neutral zone.
0:12 of 3rd period - Wrist shot by Jason Dickinson.
0:12 of 3rd period - Shot Misses the Net.
0:14 of 3rd period - Snap shot by Victor Soderstrom.
0:14 of 3rd period - Shot Misses the Net.
0:16 of 3rd period - Snap shot by John Leonard.
0:16 of 3rd period - Shot Blocked by Mathieu Perreault.
0:26 of 3rd period - Drake Caggiula is hit by Morgan Frost and loses puck.
0:37 of 3rd period - Snap shot by Filip Chytil.
0:37 of 3rd period - Stopped by Felix Sandstrom with a rebound.
0:52 of 3rd period - Slapshot by Philip Tomasino.
0:52 of 3rd period - Stopped by Braden Holtby without a rebound.
0:53 of 3rd period - Jason Dickinson wins face-off versus Mathieu Perreault in Rock Island Raccoons zone.
0:58 of 3rd period - Snap shot by Jason Dickinson.
0:58 of 3rd period - Stopped by Braden Holtby without a rebound.
0:59 of 3rd period - Mathieu Perreault wins face-off versus Jason Dickinson in Rock Island Raccoons zone.
1:32 of 3rd period - Slapshot by Filip Chytil.
1:32 of 3rd period - Stopped by Felix Sandstrom with a rebound.
1:34 of 3rd period - Slapshot by Gustav Lindstrom.
1:34 of 3rd period - Stopped by Felix Sandstrom with a rebound.
1:36 of 3rd period - Wrist shot by Filip Chytil.
1:36 of 3rd period - Stopped by Felix Sandstrom with a rebound.
1:52 of 3rd period - Snap shot by Martin Pospisil.
1:52 of 3rd period - Shot Misses the Net.
2:14 of 3rd period - Filip Chytil is hit by Jamieson Rees and loses puck.
3:26 of 3rd period - Jamieson Rees is hit by Andrew Ladd and loses puck.
4:08 of 3rd period - Slapshot by Jason Dickinson.
4:08 of 3rd period - Shot Blocked by Ryan Lindgren.
4:42 of 3rd period - Ben Harpur is hit by Martin Pospisil and loses puck.
5:31 of 3rd period - Mathieu Perreault is hit by Linus Weissbach and loses puck.
6:07 of 3rd period - Icing by Victor Soderstrom.
6:08 of 3rd period - Sam Carrick wins face-off versus Jamieson Rees in Orlando Solar Bears zone.
6:15 of 3rd period - Jamieson Rees is hit by Ryan Lindgren and loses puck.
6:36 of 3rd period - Wrist shot by Brian Boyle.
6:36 of 3rd period - Stopped by Felix Sandstrom with a rebound.
6:38 of 3rd period - Snap shot by Greg McKegg.
6:38 of 3rd period - Goal by Greg McKegg - Orlando Solar Bears : 1 - Rock Island Raccoons : 4.
6:39 of 3rd period - Mathieu Perreault wins face-off versus Jason Dickinson in neutral zone.
6:44 of 3rd period - Slapshot by Ben Harpur.
6:44 of 3rd period - Deflect By Mathieu Perreault.
6:44 of 3rd period - Shot Misses the Net.
6:44 of 3rd period - Puck is out of play.
6:45 of 3rd period - Jason Dickinson wins face-off versus Mathieu Perreault in Orlando Solar Bears zone.
7:10 of 3rd period - Wrist shot by Morgan Frost.
7:10 of 3rd period - Stopped by Braden Holtby with a rebound.
7:12 of 3rd period - Slapshot by Victor Soderstrom.
7:12 of 3rd period - Deflect By Morgan Frost.
7:12 of 3rd period - Deflect By Ben Harpur.
7:12 of 3rd period - Stopped by Braden Holtby without a rebound.
7:13 of 3rd period - Filip Chytil wins face-off versus Valtteri Puustinen in Rock Island Raccoons zone.
7:22 of 3rd period - Morgan Frost is hit by Andrew Ladd.
8:09 of 3rd period - Wrist shot by Martin Pospisil.
8:09 of 3rd period - Shot Misses the Net.
8:31 of 3rd period - Jamieson Rees is hit by Dryden Hunt and loses puck.
8:42 of 3rd period - Andy Greene is hit by Morgan Frost.
9:07 of 3rd period - Snap shot by Cole Caufield.
9:07 of 3rd period - Stopped by Felix Sandstrom without a rebound.
9:08 of 3rd period - Mathieu Perreault wins face-off versus Jason Dickinson in Orlando Solar Bears zone.
10:25 of 3rd period - Wrist shot by Emilio Pettersen.
10:25 of 3rd period - Shot Misses the Net.
10:27 of 3rd period - Slapshot by Max Gildon.
10:27 of 3rd period - Shot Misses the Net.
10:29 of 3rd period - Wrist shot by Emilio Pettersen.
10:29 of 3rd period - Stopped by Braden Holtby with a rebound.
10:31 of 3rd period - Slapshot by Max Gildon.
10:31 of 3rd period - Stopped by Braden Holtby without a rebound.
10:32 of 3rd period - Jason Dickinson wins face-off versus Brian Boyle in Rock Island Raccoons zone.
10:57 of 3rd period - Sam Carrick is hit by Morgan Frost and loses puck.
11:02 of 3rd period - Slapshot by Morgan Frost.
11:02 of 3rd period - Shot Blocked by Drake Caggiula.
11:04 of 3rd period - Slapshot by Artemi Kniazev.
11:04 of 3rd period - Shot Blocked by Sam Carrick.
11:06 of 3rd period - Slapshot by Artemi Kniazev.
11:06 of 3rd period - Shot Blocked by Sam Carrick.
11:08 of 3rd period - Snap shot by Valtteri Puustinen.
11:08 of 3rd period - Shot Misses the Net.
11:10 of 3rd period - Slapshot by Valtteri Puustinen.
11:10 of 3rd period - Deflect By Drake Caggiula.
11:10 of 3rd period - Stopped by Braden Holtby with a rebound.
12:02 of 3rd period - Adam Beckman is hit by Andy Greene and loses puck.
12:27 of 3rd period - Victor Soderstrom is hit by Cole Caufield and loses puck.
13:35 of 3rd period - Wrist shot by Morgan Frost.
13:35 of 3rd period - Stopped by Braden Holtby without a rebound.
13:36 of 3rd period - Mathieu Perreault wins face-off versus Philip Tomasino in Rock Island Raccoons zone.
14:04 of 3rd period - Backhand shot by Adam Beckman.
14:04 of 3rd period - Shot Misses the Net.
14:06 of 3rd period - Slapshot by Artemi Kniazev.
14:06 of 3rd period - Stopped by Braden Holtby with a rebound.
14:08 of 3rd period - Slapshot by Artemi Kniazev.
14:08 of 3rd period - Goal by Artemi Kniazev - Orlando Solar Bears : 2 - Rock Island Raccoons : 4.
14:09 of 3rd period - Jason Dickinson wins face-off versus Filip Chytil in neutral zone.
14:14 of 3rd period - Slapshot by Artemi Kniazev.
14:14 of 3rd period - Shot Blocked by Drake Caggiula.
14:16 of 3rd period - Wrist shot by John Leonard.
14:16 of 3rd period - Shot Blocked by Andy Greene.
14:18 of 3rd period - Snap shot by Jason Dickinson.
14:18 of 3rd period - Shot Blocked by Andy Greene.
15:26 of 3rd period - Wrist shot by Andrew Ladd.
15:26 of 3rd period - Stopped by Felix Sandstrom with a rebound.
15:45 of 3rd period - Minor Penalty to Brendan Smith for Hooking.
15:46 of 3rd period - Andrew Ladd wins face-off versus Jason Dickinson in Rock Island Raccoons zone.
17:13 of 3rd period - Andy Greene is hit by John Leonard and loses puck.
17:45 of 3rd period - Penalty to Brendan Smith is over, Brendan Smith is back on ice.
18:12 of 3rd period - Snap shot by Drake Caggiula.
18:12 of 3rd period - Stopped by Felix Sandstrom with a rebound.
18:14 of 3rd period - Slapshot by Ryan Lindgren.
18:14 of 3rd period - Stopped by Felix Sandstrom without a rebound.
18:15 of 3rd period - Alex Barre-Boulet wins face-off versus Alex Turcotte in Orlando Solar Bears zone.
18:39 of 3rd period - Minor Penalty to Sam Carrick for Holding.
18:40 of 3rd period - Andrew Ladd wins face-off versus Jason Dickinson in Rock Island Raccoons zone.
18:53 of 3rd period - Snap shot by Jason Dickinson.
18:53 of 3rd period - Shot Blocked by Andy Greene.
18:55 of 3rd period - Snap shot by John Leonard.
18:55 of 3rd period - Deflect By Cole Caufield.
18:55 of 3rd period - Orlando Solar Bears goal is going for a video replay.
18:55 of 3rd period - The goal is refused. The net was displaced accidentally..
18:56 of 3rd period - Jason Dickinson wins face-off versus Andrew Ladd in Rock Island Raccoons zone.
19:07 of 3rd period - Slapshot by Jason Dickinson.
19:07 of 3rd period - Shot Misses the Net.
19:09 of 3rd period - Backhand shot by Victor Soderstrom.
19:09 of 3rd period - Stopped by Braden Holtby with a rebound.
19:23 of 3rd period - Mathieu Perreault is hit by Valtteri Puustinen and loses puck.
Goals for this period are 1 for Orlando Solar Bears vs 1 for Rock Island Raccoons.
Shots for this period are 12 for Orlando Solar Bears vs 10 for Rock Island Raccoons.
Back to the Top